 Dungeon Crawl Stone Soup version 0.25.1-2-g60ff931df9 (webtiles) character file.

Game seed: 1565500727756606769

49 ew1980 the Insei (level 3, -1/23 HPs)
             Began as an Octopode Transmuter on Nov 25, 2020.
             Was an Initiate of Okawaru.
             Slain by a sky beast (5 damage)
             ... on level 3 of the Dungeon.
             The game lasted 00:02:36 (2018 turns).

ew1980 the Insei (Octopode Transmuter)              Turns: 2018, Time: 00:02:37

Health: -1/23      AC:  1    Str:  9    XL:     3   Next: 75%
Magic:  4/6        EV: 13    Int: 16    God:    Okawaru [......]
Gold:   96         SH:  0    Dex: 12    Spells: 0/6 levels left

rFire    . . .     SeeInvis .     - Unarmed
rCold    . . .     Gourm    .   (no shield)
rNeg     . . .     Faith    .   (helmet restricted)
rPois    .         Spirit   .   (no amulet)
rElec    .         Reflect  .   (no ring)
rCorr    .         Harm     .   (no ring)
MR       .....                  (no ring)
Stlth    ++........             (no ring)
HPRegen  0.07/turn              (no ring)
MPRegen  0.10/turn              (no ring)
                                (no ring)
                                (no ring)

@: no status effects
A: almost no armour, stealthy swim, amphibious, 8 rings, constrict 8, camouflage
1, gelatinous body 1
a: Renounce Religion


You were on level 3 of the Dungeon.
You worshipped Okawaru.
Okawaru was noncommittal.
You were not hungry.

You visited 1 branch of the dungeon, and saw 4 of its levels.

You collected 96 gold pieces.

Inventory:

Hand Weapons
 i - a +1 trident of freezing
Missiles
 a - 8 arrows
 j - 18 poisoned darts (quivered)
Jewellery
 e - a +6 ring of dexterity {unknown}
 h - a cursed -4 ring of strength {unknown}
Scrolls
 b - a scroll of noise {unknown}
Potions
 d - a potion of degeneration {unknown}
 f - a potion of ambrosia {unknown}
 g - a potion of heal wounds {unknown}
Comestibles
 c - 2 rations


   Skills:
 + Level 1.6 Fighting
 - Level 2.0 Dodging
 + Level 3.3 Unarmed Combat
 + Level 2.3 Spellcasting
 * Level 2.8 Transmutations
 + Level 1.0 Invocations


You couldn't memorise any spells.
You knew the following spells:

 Your Spells              Type           Power        Failure   Level  Hunger
a - Beastly Appendage     Tmut           ##....       6%          1    #......
b - Sticks to Snakes      Tmut           ##......     10%         2    ###....
c - Spider Form           Tmut/Pois      #.........   32%         3    ###....

Your spell library contained the following spells:

 Spells                   Type           Power        Failure   Level  Hunger
 Ice Form                 Ice/Tmut       #.......     73%         4    #####..
 Blade Hands              Tmut           ##........   86%         5    ######.


Dungeon Overview and Level Annotations

Branches:
Dungeon (4/15)
 Temple: D:4-7

Altars:
Okawaru


Innate Abilities, Weirdness & Mutations

You cannot wear most types of armour.
You are very stealthy in the water. (Stealth+)
You are amphibious.
You can wear up to eight rings at the same time.
You can use your tentacles to constrict eight enemies at once.
Your skin changes colour to match your surroundings (Stealth+).
Your rubbery body absorbs attacks. (AC +1, EV +1)


Message History

Something hits you. Something shocks you.
You climb upwards.
You hear the sound of rushing water.
There is an entrance to a sewer on this level.
Hurry and find it before the portal rusts away!
Reactivating autopickup.
There is a stone staircase leading down here.
Something hits you. Something shocks you.
Deactivating autopickup; reactivate with Ctrl-A.
A sky beast appears from thin air!
Reactivating autopickup.
Casting: Sticks to Snakes (safe; 10% risk of failure)
Confirm with . or Enter, or press ? or * to list all spells.
You don't know that spell.
Unknown command.
Casting: Sticks to Snakes (safe; 10% risk of failure)
Confirm with . or Enter, or press ? or * to list all spells.
You create a snake!
You now have 8 arrows.
The sky beast hits you.
* * * LOW HITPOINT WARNING * * *
The sky beast shocks you.
You die...

####.#.........
......#.........
......#........
.............#
.............######
.................#
#..............#
#......Y@......#
#...>.§S.......#
#...###.≈#########
E#.. #..... ##
#....... ........
.........
.......... .......


You could see a sky beast and a friendly ball python.

Vanquished Creatures
  An adder (D:2)
  2 worms (D:2)
  2 dart slugs (D:1)
  A leopard gecko (D:1)
  A ball python (D:1)
  6 bats
  A giant cockroach (D:2)
  A hobgoblin (D:1)
  4 kobolds
  A quokka (D:2)
  2 frilled lizards (D:1)
  5 goblins
  3 rats (D:1)
30 creatures vanquished.

Notes
Turn   | Place    | Note
-------+----------+-------------------------------------------
     0 | D:1      | ew1980 the Octopode Transmuter began the quest for the Orb.
     0 | D:1      | Reached XP level 1. HP: 13/13 MP: 3/3
   580 | D:1      | Found an iron altar of Okawaru.
   592 | D:1      | Reached XP level 2. HP: 18/18 MP: 5/5
   602 | D:1      | Learned a level 2 spell: Sticks to Snakes
   667 | D:1      | Became a worshipper of Warmaster Okawaru
  1369 | D:1      | Reached XP level 3. HP: 22/23 MP: 6/6
  1374 | D:1      | Learned a level 3 spell: Spider Form
  1964 | D:2      | Reached skill level 1 in Invocations
  2006 | D:2      | You fall into a shaft and drop 2 floors!
  2007 | D:4      | Noticed a sky beast
  2013 | D:3      | Noticed an earth elemental
  2018 | D:3      | Slain by a sky beast

Illustrated notes

Levels and vault maps discovered:
D:1:      minmay_arrival_checkered_box, layout_basic, okawaru_ov_weapons_minmay
D:2:      cheibrodos_helix_gallery, layout_basic
D:3:      layout_basic, nicolae_overflow_hidden_temple, portal_sewer_entry_b,
          first_ration, nicolae_qazlal_style_of_elements
D:4:      minmay_octagon_keep, layout_gridville, nicolae_tso_swordbearing_angel,
          uniq_sigmund, uniq_crazy_yiuf_cottage, uniq_pikel

Skill      XL: |  1  2  3 |
---------------+----------+-----
Invocations    | 1 |  1.0
Fighting       | |  1.6
Dodging        | |  2.0
Unarmed Combat | |  3.3
Spellcasting   | |  2.3
Transmutations | |  2.8

Action                   || total
-------------------------++-------
Melee: Unarmed           ||    85
       Constrict         ||    19
       Tentacles         ||    10
 Cast: Sticks to Snakes  ||     4
 Stab: Sleeping          ||     8
  Eat: Chunk             ||     4
Armor: Skin              ||    13
Dodge: Dodged            ||    72
